 Dungeon Crawl Stone Soup version 0.23-a0-655-g3751e1c (console) character file.

21 Duffy the Conjurer (level 2, 0/19 HPs)
             Began as a Demonspawn Fire Elementalist on Jan 7, 2019.
             Slain by a jackal (3 damage)
             ... on level 2 of the Dungeon.
             The game lasted 00:00:59 (979 turns).

Duffy the Conjurer (Demonspawn Fire Elementalist)    Turns: 979, Time: 00:01:00

Health: 0/19       AC:  2    Str:  8    XL:     2   Next: 65%
Magic:  0/5        EV: 12    Int: 16    God:
Gold:   5          SH:  4    Dex: 13    Spells: 4/5 levels left

rFire    . . .     SeeInvis .   (no weapon)
rCold    . . .     Gourm    .   (no shield)
rNeg     . . .     Faith    .   a - +0 robe
rPois    .         Spirit   .   (no helmet)
rElec    .         Reflect  .   (no cloak)
rCorr    .         Harm     .   (no gloves)
MR       .....                  (no boots)
Stlth    ++........             (no amulet)
HPRegen  0.06/turn              (no ring)
MPRegen  0.09/turn              (no ring)

@: no status effects
A: large bone plates 1
a: no special abilities


You were on level 2 of the Dungeon.
You were hungry.

You visited 1 branch of the dungeon, and saw 2 of its levels.

You collected 5 gold pieces.

Inventory:

Armour
 a - a +0 robe (worn)
Scrolls
 b - 3 scrolls of enchant weapon {unknown}
 f - 2 scrolls of identify {unknown}
Potions
 e - a potion of curing {unknown}
 g - a potion of heal wounds {unknown}
Comestibles
 c - 4 rations
 d - a chunk of flesh


   Skills:
 - Level 1.7 Dodging
 - Level 1.7 Stealth
 - Level 2.0 Spellcasting
 + Level 2.7 Conjurations
 - Level 2.6 Fire Magic


You had 4 spell levels left.
You knew the following spells:

 Your Spells              Type           Power        Failure   Level  Hunger
h - Flame Tongue          Conj/Fire      ##...        7%          1    #......

Your spell library contained the following spells:

 Spells                   Type           Power        Failure   Level  Hunger
 Throw Flame              Conj/Fire      ##....       11%         2    ###....
 Conjure Flame            Conj/Fire      ##......     21%         3    ###....
 Inner Flame              Hex/Fire       #.......     34%         3    ###....
 Sticky Flame             Conj/Fire      ##......     56%         4    #####..
 Fireball                 Conj/Fire      ##........   88%         5    ######.


Dungeon Overview and Level Annotations

Branches:
Dungeon (2/15)

Altars:


Innate Abilities, Weirdness & Mutations

You are partially covered in large bone plates. (SH +4)


Message History

The jackal bites you.
Casting: Flame Tongue (safe; 7% risk of failure)
Confirm with . or Enter, or press ? or * to list all spells.
Aiming: Flame Tongue (safe; 7% risk of failure)
Press: ? - help, Shift-Dir - straight line, f/p - jackal
Aim: a jackal The flame tongue hits the jackal.
The jackal appears unharmed.
The jackal closely misses you. The jackal bites you.
You block the jackal's attack.
You open the door. The jackal bites you. The jackal bites you.
There is an open door here.
Casting: Flame Tongue (safe; 7% risk of failure)
Confirm with . or Enter, or press ? or * to list all spells.
Aiming: Flame Tongue (safe; 7% risk of failure)
Press: ? - help, Shift-Dir - straight line, f/p - jackal
Aim: a jackal The flame tongue misses the jackal.
The jackal bites you. x2
You die...

##...........####...
#............###....
#..............'....
#....###.......#....
#.........##....####
#.........##....####
#........>......'...
##'#............#...
#@#................
##h#................
#...####....#.......
#...........#.......
#...........#...####
#...........#...##..
#...............##..
#...####........##..
##'## #........###.


You could see a jackal.

Vanquished Creatures
  2 dart slugs (D:2)
  A ball python (D:2)
  A bat (D:2)
  A goblin (D:1)
  2 hobgoblins
  2 jackals (D:2)
  4 kobolds (D:2)
  A frilled lizard (D:2)
  A rat (D:2)
15 creatures vanquished.

Notes
Turn   | Place    | Note
-------+----------+-------------------------------------------
     0 | D:1      | Duffy the Demonspawn Fire Elementalist began the quest for
                  | the Orb.
     0 | D:1      | Reached XP level 1. HP: 13/13 MP: 3/3
   426 | D:2      | Gained mutation: You are partially covered in large bone
                  | plates. (SH +4) [demonic ancestry]
   426 | D:2      | Reached XP level 2. HP: 19/19 MP: 0/5
   979 | D:2      | Slain by a jackal

Vault maps used:
D:1:      dpeg_arrival_ratfight, st_stairs_14, minivault_19,
          minmay_indecisive_spiral
D:2:      first_ration

Skill      XL: |  1 |
---------------+----+-----
Conjurations   | 2 |  2.7
Dodging        | |  1.7
Stealth        | |  1.7
Spellcasting   | |  2.0
Fire Magic     | |  2.6

Action                   || total
-------------------------++-------
Melee: Unarmed           ||     9
 Cast: Flame Tongue      ||    33
Armor: Robe              ||    12
Dodge: Dodged            ||    31
Block: Other             ||     6

Table legend:
 A = Non-vault XP
 B = Vault XP
 C = Vault XP percentage of total XP
 D = Non-vault monster count
 E = Vault monster count
 F = Vault count percentage of total count
                 A         B        C        D         E       F
            +---------+---------+-------+---------+---------+-------
      Total |      31 |       0 |   0.0 |      15 |       0 |   0.0
            +---------+---------+-------+---------+---------+-------
        D:1 |       4 |       0 |   0.0 |       2 |       0 |   0.0
        D:2 |      27 |       0 |   0.0 |      13 |       0 |   0.0
            +---------+---------+-------+---------+---------+-------
